Map: Pillars of Gold LE

Players

Valorfist - Winner!

  • Race: Protoss Protoss
  • Spawn Location: 1:00

prospeKt

  • Race: Zerg Zerg
  • League: Platinum
  • Spawn Location: 7:00

VOD

Have the link to the VOD?

Description

Time

  • Played on: June 12, 2020, 11:24 a.m.
  • Length: 15:48
Show
View Real Time Build Order
Export as new Build Order

Valorfist Protoss - Winner!

Build Orders: Cannon Rush, Carriers 

Get SALT Encoding   

  12  0:13  Probe  
  13  0:21  Probe  
  14  0:31  Pylon, Probe  
  15  0:49  Probe  
  16  0:50  Forge  
  16  1:01  Probe  
  17  1:11  Assimilator  
  17  1:16  Assimilator  
  17  1:26  Pylon  
  17  1:28  Probe  
  18  1:44  Gateway  
  18  1:45  Photon Cannon  
  18  1:47  Photon Cannon  
  18  1:52  Photon Cannon  
  18  2:01  Pylon  
  18  2:21  Photon Cannon x2  
  18  2:23  Photon Cannon  
  18  2:33  Photon Cannon  
  18  3:19  Probe  
  19  3:22  Assimilator  
  19  3:31  Nexus  
  19  3:35  Cybernetics Core  
  19  3:39  Pylon, Photon Cannon, Probe  
  19  3:47  Assimilator, Probe  
  21  3:57  Probe  
  21  4:00  Photon Cannon  
  22  4:14  Zealot  
  22  4:16  Probe  
  23  4:21  Pylon  
  24  4:24  Probe  
  25  4:32  Probe  
  26  4:40  Probe  
  27  4:47  Stargate  
  27  4:49  Probe  
  28  4:54  Probe  
  28  4:58  Probe  
  29  5:02  Probe  
  29  5:06  Probe  
  31  5:12  Probe  
  31  5:14  Photon Cannon  
  30  5:15  Probe  
  34  5:24  Stargate  
  34  5:27  Probe  
  35  5:29  Assimilator  
  35  5:36  Void Ray  
  35  5:39  Probe  
  38  5:45  Probe  
  38  5:46  Pylon  
  39  5:53  Probe  
  39  5:57  Void Ray  
  39  5:58  Assimilator  
  39  6:00  Probe  
  39  6:03  Probe  
  46  6:15  Pylon  
  46  6:25  Protoss Air Weapons Level 1  
  46  6:33  Void Ray  
  50  6:53  Void Ray  
  54  7:01  Probe  
  54  7:03  Probe  
  56  7:09  Probe  
  56  7:11  Probe  
  56  7:15  Pylon  
  58  7:19  Probe  
  58  7:21  Probe  
  60  7:36  Nexus  
  60  7:37  Fleet Beacon  
  60  7:38  Pylon  
  60  7:52  Robotics Facility  
  60  7:55  Probe x2  
  62  8:03  Shield Battery  
  62  8:04  Photon Cannon  
  62  8:11  Pylon, Probe x2  
  64  8:15  Pylon  
  64  8:23  Probe x2, Shield Battery  
  66  8:30  Photon Cannon, Shield Battery  
  66  8:31  Carrier  
  66  8:32  Protoss Air Weapons Level 2  
  68  8:57  Probe  
  69  9:03  Photon Cannon, Carrier  
  69  9:05  Probe  
  69  9:07  Robotics Bay, Assimilator  
  72  9:12  Assimilator  
  72  9:15  Probe  
  69  9:30  Probe  
  70  9:35  Shield Battery  
  70  9:37  Photon Cannon  
  70  9:42  Probe  
  71  9:52  Carrier, Shield Battery  
  67  9:54  Probe  
  67  9:57  Shield Battery  
  67  9:58  Colossus  
  67  9:59  Photon Cannon, Probe x2  
  70  10:06  Stargate  
  76  10:07  Pylon  
  76  10:09  Stargate  
  76  10:14  Extended Thermal Lance  
  82  10:18  Carrier  
  88  10:31  Protoss Shields Level 1  
  88  10:37  Twilight Council  
  88  10:41  Colossus  
  88  10:43  Void Ray  
  88  10:46  Pylon, Shield Battery  
  88  10:48  Shield Battery  
  98  11:00  Void Ray  
  102  11:07  Void Ray  
  106  11:15  Shield Battery  
  106  11:16  Photon Cannon  
  106  11:25  Shield Battery  
  106  11:26  Photon Cannon  
  106  11:27  Void Ray  
  110  11:37  Observer  
  111  11:45  Pylon  
  111  11:48  Void Ray  
  111  11:49  Void Ray  
  119  11:57  Nexus  
  119  12:00  Probe x3  
  122  12:03  Pylon  
  122  12:12  Carrier  
  128  12:23  Shield Battery  
  128  12:25  Photon Cannon  
  128  12:26  Probe x2  
  130  12:33  Carrier  
  130  12:36  Protoss Air Weapons Level 3  
  130  12:37  Void Ray  
  130  12:40  Protoss Shields Level 2  
  140  13:02  Void Ray  
  140  13:03  Pylon  
  140  13:04  Pylon  
  140  13:07  Pylon  
  144  13:16  Void Ray  
  148  13:25  Pylon  
  148  13:28  Pylon  
  148  13:32  Void Ray, Shield Battery  
  148  13:33  Photon Cannon  
  152  13:39  Stargate  
  152  13:41  Stargate  
  152  13:50  Shield Battery  
  152  13:51  Photon Cannon  
  152  13:54  Assimilator  
  152  13:56  Photon Cannon, Shield Battery  
  152  14:00  Assimilator  
  152  14:11  Shield Battery  
  152  14:12  Photon Cannon  
  152  14:15  Photon Cannon, Shield Battery  
  152  14:20  Photon Cannon  
  152  14:22  Carrier  
  158  14:30  Pylon  
  158  14:44  Carrier  
  170  15:12  Photon Cannon  
  170  15:13  Photon Cannon  
Show
View Real Time Build Order
Export as new Build Order

prospeKt Zerg 

Build Orders: Hatch First 

Get SALT Encoding   

  12  0:00  Drone  
  13  0:12  Overlord  
  13  0:20  Drone  
  14  0:30  Drone x2  
  14  0:34  Drone  
  17  0:54  Hatchery  
  16  0:57  Drone  
  16  1:00  Drone  
  18  1:09  Drone  
  19  1:20  Spawning Pool  
  19  1:21  Drone  
  19  1:32  Drone  
  20  1:40  Drone  
  21  1:50  Drone  
  22  2:03  Overlord  
  22  2:08  Drone  
  23  2:16  Extractor  
  23  2:17  Extractor  
  21  2:22  Overlord  
  21  2:23  Overlord  
  21  2:24  Zergling x2  
  22  2:34  Zergling x4  
  24  2:45  Zergling x4  
  25  2:56  Zergling x4  
  18  3:11  Drone x3  
  19  3:15  Hatchery  
  17  3:23  Zergling x4  
  17  3:31  Zergling x2  
  18  3:38  Drone x2  
  20  3:48  Extractor  
  18  4:00  Drone x2  
  20  4:13  Drone  
  21  4:19  Queen, Extractor  
  22  4:25  Spore Crawler  
  22  4:28  Drone x2  
  22  4:30  Drone  
  24  4:47  Drone x2  
  26  4:53  Drone x2  
  26  4:54  Queen  
  30  5:01  Lair  
  29  5:16  Drone x2  
  29  5:17  Drone x2  
  33  5:22  Spine Crawler  
  32  5:34  Drone x4  
  36  5:36  Drone  
  37  5:45  Queen  
  39  5:51  Overlord  
  39  6:05  Overseer  
  39  6:16  Hydralisk Den, Drone  
  39  6:17  Drone x5  
  44  6:19  Overlord  
  44  6:36  Spore Crawler  
  44  6:37  Spore Crawler  
  44  6:38  Spore Crawler  
  41  6:44  Overlord x2  
  41  6:46  Spore Crawler  
  40  6:47  Hydralisk  
  40  6:51  Spore Crawler, Hydralisk  
  43  7:01  Hydralisk x2  
  47  7:20  Hydralisk  
  47  7:21  Hydralisk x3  
  54  7:22  Overlord  
  54  7:29  Drone  
  55  7:32  Grooved Spines  
  55  7:57  Hydralisk  
  55  7:58  Hydralisk x5  
  57  8:03  Overseer  
  67  8:08  Drone  
  67  8:10  Overlord x2  
  68  8:27  Overlord x2  
  68  8:28  Overlord  
  66  8:51  Drone  
  66  8:52  Drone x5  
  66  8:53  Drone  
  73  9:12  Hatchery  
  73  9:17  Drone x8  
  80  9:34  Muscular Augments  
  80  9:38  Drone  
  81  9:39  Evolution Chamber  
  81  9:41  Extractor  
  81  9:45  Drone x5  
  84  9:50  Extractor  
  84  9:51  Extractor  
  82  10:02  Hydralisk x5  
  92  10:25  Zerg Missile Weapons Level 1  
  92  10:32  Overlord x4  
  92  10:33  Overlord  
  92  10:35  Drone x6  
  93  10:42  Extractor  
  97  10:45  Drone  
  98  11:02  Hydralisk x4  
  98  11:03  Hydralisk x6  
  118  11:12  Evolution Chamber  
  118  11:16  Drone x3, Infestation Pit  
  118  11:18  Drone x2  
  121  11:21  Drone x2  
  123  11:29  Drone x5  
  128  11:37  Hydralisk  
  130  11:40  Overlord  
  130  11:50  Overlord  
  130  11:51  Overlord  
  130  12:01  Hydralisk x4  
  130  12:03  Overlord  
  130  12:04  Overlord  
  138  12:11  Zerg Ground Armor Level 1, Hydralisk x4  
  138  12:12  Hatchery  
  145  12:33  Hydralisk  
  145  12:34  Hydralisk x8  
  163  12:39  Hatchery  
  162  12:50  Spire  
  161  12:53  Overlord x4  
  161  12:54  Overlord  
  161  12:59  Hydralisk x3  
  167  13:20  Hydralisk  
  167  13:21  Hydralisk x5  
  167  13:23  Drone x6  
  185  13:45  Hydralisk  
  185  13:46  Hydralisk x5  
  197  13:51  Drone x3  
  199  14:09  Hatchery  
  198  14:25  Overseer  
  198  14:37  Corruptor  
  198  14:38  Corruptor  
  176  14:48  Corruptor x6  
  142  14:53  Corruptor  
  112  15:16  Corruptor x3  
Tags
 
Add a new tag
Caveats
  • Supply blocks, unpowered buildings, or Contaminate may cause inaccurate times.
  • Supply counts are checked every 10 seconds.